[Event "Sunday 28 January Rapid Engine Tour 12+1 Rounds 9 Starts 1600 ST"]
[Site "Infinity Chess"]
[Date "2018.1.28"]
[Round "4"]
[White "Dovahkiin"]
[Black "MarioDeMonti"]
[Result "1/2-1/2"]
[ECO "C55"]
[WhiteElo "2397"]
[BlackElo "2464"]
[WhiteEngine "BrainFish_180113_x64_modern_CTG"]
[BlackEngine "stockfish_x64_bmi2_2018_01_13_CTG"]
[EventType "Swiss"]
[WhiteTeam ""]
[BlackTeam ""]
[PlyCount "134"]
[TimeControl "720+1"]

1. e4 e5 2. Nf3 Nc6 3. Bc4 Nf6 4. d3 Bc5 5. O-O d6 6. c3 O-O 7. Re1 Bb6 8. h3 h6 
9. b4 Ne7 10. Nbd2 a5 11. b5 a4 12. d4 exd4 13. cxd4 d5 14. Bd3 dxe4 
15. Nxe4 Ned5 16. Nc5 Qd6 17. Nxa4 Ba5 18. Re2 Nc3 19. Nxc3 Bxc3 20. Rb1 Be6 
21. Qc2 Ba5 22. a4 Nd5 23. Bc4 Rfe8 24. Rb2 Rac8 25. Qb3 c6 26. bxc6 bxc6 
27. Qd3 Bb4 28. Rbc2 Ra8 29. Ne5 f6 30. Ng6 Rxa4 31. Nf4 Raa8 32. Rxe6 Rxe6 
33. Nxe6 Qxe6 34. Qf3 Bf8 35. h4 Ra1 36. Kh2 g5 37. hxg5 hxg5 38. g3 g4 
39. Qd3 f5 40. Kg2 Bd6 41. Re2 Qf7 42. Re1 Ba3 43. Bd2 Rxe1 44. Bxe1 Be7 
45. f3 gxf3+ 46. Qxf3 Nf4+ 47. Qxf4 Qxc4 48. Qxf5 Qxd4 49. Qe6+ Kf8 50. Qxc6 Bc5 
51. Qf3+ Ke7 52. Kf1 Kd7 53. g4 Qg1+ 54. Ke2 Qh2+ 55. Kf1 Qg1+ 56. Ke2 Qd4 
57. Qf7+ Kc6 58. Qe8+ Kb7 59. Qe6 Qf4 60. Bc3 Ka7 61. Bf6 Qf2+ 62. Kd3 Qf1+ 
63. Ke4 Qe2+ 64. Kf5 Qxe6+ 65. Kxe6 Be3 66. Bd8 Kb7 67. Kd7 Kb8 1/2-1/2

[Event "Sunday 28 January Rapid Engine Tour 12+1 Rounds 9 Starts 1600 ST"]
[Site "Infinity Chess"]
[Date "2018.1.28"]
[Round "4"]
[White "angriff"]
[Black "SkyPilot"]
[Result "1/2-1/2"]
[ECO "D11"]
[WhiteElo "2417"]
[BlackElo "2496"]
[WhiteEngine "Stockfish SL FA POPCNT_CTG"]
[BlackEngine "stockfish_x64_bmi2_2018_01_13_CTG"]
[EventType "Swiss"]
[WhiteTeam ""]
[BlackTeam ""]
[PlyCount "115"]
[TimeControl "720+1"]

1. d4 d5 2. c4 c6 3. Nf3 Nf6 4. e3 e6 5. b3 c5 6. cxd5 Nxd5 7. Bb2 cxd4 
8. Nxd4 a6 9. Nd2 Be7 10. Bc4 O-O 11. Qf3 Bb4 12. Rd1 Nc3 13. Bxc3 Bxc3 
14. O-O Nd7 15. Ne4 Bb4 16. Qg3 Qe7 17. Be2 Nf6 18. Nxf6+ Qxf6 19. Nf3 Qe7 
20. Ne5 Ba5 21. e4 Bc7 22. Qc3 Bd6 23. Nc4 Bb4 24. Qg3 b5 25. Nb6 Ra7 
26. Rc1 Bd7 27. Rfd1 Rb7 28. Rc7 Rxc7 29. Qxc7 Be8 30. Qxe7 Bxe7 31. Nd7 Bxd7 
32. Rxd7 Bb4 33. Ra7 Rc8 34. Rxa6 Rc1+ 35. Bf1 g5 36. Rb6 Bc5 37. Rb8+ Kg7 
38. Rxb5 Rc2 39. Bd3 Bxf2+ 40. Kf1 Rxa2 41. Rxg5+ Kf6 42. Rh5 Bd4 43. e5+ Bxe5 
44. Rh6+ Kg5 45. Rxh7 f5 46. Bc4 Bd4 47. Bxe6 Rf2+ 48. Ke1 Rxg2 49. Rf7 Bc3+ 
50. Kf1 Rxh2 51. Rxf5+ Kg6 52. Rf4 Kg5 53. Rf3 Rc2 54. Bd7 Rd2 55. Rxc3 Rxd7 
56. Rc5+ Kf4 57. Ke2 Rd4 58. Rc3 1/2-1/2

[Event "Sunday 28 January Rapid Engine Tour 12+1 Rounds 9 Starts 1600 ST"]
[Site "Infinity Chess"]
[Date "2018.1.28"]
[Round "4"]
[White "KillBill2017"]
[Black "Thinker"]
[Result "1/2-1/2"]
[ECO "C50"]
[WhiteElo "2334"]
[BlackElo "2418"]
[WhiteEngine "Raubfisch ME262_GTZ16b4_CTG"]
[BlackEngine "BrainFish_180124_x64_modern_CTG"]
[EventType "Swiss"]
[WhiteTeam ""]
[BlackTeam ""]
[PlyCount "171"]
[TimeControl "720+1"]

1. e4 e5 2. Nf3 Nc6 3. Bc4 Bc5 4. O-O Nf6 5. d3 d6 6. c3 O-O 7. h3 a6 8. Re1 Ba7 
9. Bb3 h6 10. Nbd2 Be6 11. Bc2 Re8 12. Nf1 d5 13. Qe2 b5 14. Bd2 Qd7 15. Ng3 d4 
16. a4 Bc5 17. Rec1 Qd6 18. Nh4 Ne7 19. Qe1 Bb6 20. Nf3 Nc6 21. Rab1 Red8 
22. b4 dxc3 23. Bxc3 Rac8 24. Qd2 Nh7 25. a5 Ba7 26. Ba1 f6 27. Nf5 Bxf5 
28. exf5 Nf8 29. Qe1 Kh8 30. Bd1 Qxd3 31. Bc2 Qd7 32. Be4 Ne7 33. Rd1 Qe8 
34. Rxd8 Rxd8 35. Rc1 c6 36. Bc3 Nh7 37. h4 Qh5 38. Rd1 Nd5 39. Rd3 Qg4 
40. Bd2 Nf8 41. Qe2 Rd7 42. Kf1 Kg8 43. Qe1 Ne7 44. Rxd7 Nxd7 45. Qb1 Kf8 
46. Qc2 Ke8 47. Bxc6 Nxf5 48. h5 Ne7 49. Qe4 Qe6 50. Bb7 f5 51. Qc2 e4 
52. Nh4 Ne5 53. Qc7 Nc4 54. Be1 Qd6 55. Qxd6 Nxd6 56. Bxa6 Nd5 57. Nxf5 Nxf5 
58. Bxb5+ Ke7 59. Bc4 Kd6 60. b5 Bc5 61. b6 Nf6 62. b7 Kc7 63. a6 Kb8 
64. Be2 Nd4 65. g4 Nf3 66. Bc3 Bd4 67. Bb4 Be5 68. Bc4 Nxg4 69. Ke2 Nd4+ 
70. Kd2 Nf6 71. Bc5 Kc7 72. Ke1 Nc6 73. Bb5 Nxh5 74. b8=Q+ Nxb8 75. a7 Kb7 
76. axb8=Q+ Bxb8 77. Ke2 Ba7 78. Bxa7 Kxa7 79. Ke3 Kb6 80. Bf1 g6 81. Kxe4 Nf6+ 
82. Ke5 Ng4+ 83. Ke4 Kc5 84. Kf4 Nxf2 85. Ke5 g5 86. Kf6 1/2-1/2

[Event "Sunday 28 January Rapid Engine Tour 12+1 Rounds 9 Starts 1600 ST"]
[Site "Infinity Chess"]
[Date "2018.1.28"]
[Round "4"]
[White "Cepri"]
[Black "tris77"]
[Result "1/2-1/2"]
[ECO "B90"]
[WhiteElo "2421"]
[BlackElo "2343"]
[WhiteEngine "asmFishW_07N17_CTG"]
[BlackEngine "stockfish_18012416_x64_modern_CTG"]
[EventType "Swiss"]
[WhiteTeam ""]
[BlackTeam ""]
[PlyCount "60"]
[TimeControl "720+1"]

1. e4 c5 2. Nf3 d6 3. d4 cxd4 4. Nxd4 Nf6 5. Nc3 a6 6. Be3 e5 7. Nb3 Be6 
8. Be2 Be7 9. Qd3 Nc6 10. a3 O-O 11. Nd5 Rc8 12. O-O Nd7 13. h3 Bg5 14. Bg4 Bxg4 
15. hxg4 Bxe3 16. Nxe3 Qg5 17. Rad1 Nf6 18. Nf5 g6 19. Nxd6 Rc7 20. Qg3 Nd8 
21. Nd2 Rxc2 22. Qd3 Rxb2 23. Nf3 Qxg4 24. Nxe5 Qe6 25. Nec4 Ra2 26. e5 Ng4 
27. Qb1 Re2 28. Qd3 Ra2 29. Qb3 Re2 30. Qd3 Ra2 1/2-1/2

[Event "Sunday 28 January Rapid Engine Tour 12+1 Rounds 9 Starts 1600 ST"]
[Site "Infinity Chess"]
[Date "2018.1.28"]
[Round "4"]
[White "incredible"]
[Black "star99"]
[Result "1/2-1/2"]
[ECO "C58"]
[WhiteElo "2419"]
[BlackElo "2358"]
[WhiteEngine "Houdini 6"]
[BlackEngine "Cryptic AIL V2"]
[EventType "Swiss"]
[WhiteTeam ""]
[BlackTeam ""]
[PlyCount "106"]
[TimeControl "720+1"]

1. e4 e5 2. Nf3 Nc6 3. Bc4 Nf6 4. Ng5 d5 5. exd5 Na5 6. Bb5+ c6 7. dxc6 bxc6 
8. Bd3 Ng4 9. Ne4 f5 10. Be2 h5 11. h3 fxe4 12. hxg4 Bc5 13. b4 Qd4 14. bxc5 O-O 
15. O-O Qxa1 16. Nc3 e3 17. gxh5 exf2+ 18. Rxf2 Rxf2 19. Kxf2 Be6 20. Ba3 Qxd1 
21. Bxd1 Rf8+ 22. Ke1 Nb7 23. d3 Nd8 24. Bc1 Nf7 25. Bf3 Nh6 26. Bxc6 Rc8 
27. Be4 Rxc5 28. Kd2 Ra5 29. a4 Ng4 30. Ba3 Nf6 31. Bc6 Bd7 32. Bb7 e4 
33. Nxe4 Nxe4+ 34. Bxe4 Bxa4 35. Bd6 Rxh5 36. c4 Kf7 37. d4 Rh4 38. Bd5+ Ke8 
39. Ke3 Kd7 40. g3 Rxd4 41. Kxd4 Kxd6 42. c5+ Kc7 43. Kc3 Bc6 44. Be6 a5 
45. Bc4 Kd8 46. Kd4 Ke7 47. Kd3 g5 48. Kc3 Kf6 49. Be2 Ke5 50. Kc4 a4 
51. Kb4 Kd4 52. Bg4 a3 53. Kxa3 Kxc5 1/2-1/2

[Event "Sunday 28 January Rapid Engine Tour 12+1 Rounds 9 Starts 1600 ST"]
[Site "Infinity Chess"]
[Date "2018.1.28"]
[Round "4"]
[White "Satria_Ungu"]
[Black "ocirema"]
[Result "1/2-1/2"]
[ECO "D02"]
[WhiteElo "2379"]
[BlackElo "2433"]
[WhiteEngine "Houdini 6_CTG"]
[BlackEngine "stockfish_18012314_x64_modern_CTG"]
[EventType "Swiss"]
[WhiteTeam ""]
[BlackTeam ""]
[PlyCount "52"]
[TimeControl "720+1"]

1. d4 d5 2. Nf3 Nf6 3. c4 e6 4. Nc3 c6 5. e3 Nbd7 6. Qc2 Bd6 7. Bd3 dxc4 
8. Bxc4 a6 9. O-O O-O 10. e4 e5 11. h3 b5 12. Be2 Re8 13. Be3 exd4 14. Nxd4 Qc7 
15. Rad1 b4 16. Na4 c5 17. Nf5 Bh2+ 18. Kh1 Nxe4 19. g3 Ndf6 20. Nh6+ gxh6 
21. Kxh2 Bb7 22. Bf4 Qc6 23. Bf3 Qb5 24. Be2 Qc6 25. Bf3 Qb5 26. Be2 Qc6 1/2-1/2

[Event "Sunday 28 January Rapid Engine Tour 12+1 Rounds 9 Starts 1600 ST"]
[Site "Infinity Chess"]
[Date "2018.1.28"]
[Round "4"]
[White "BraveDevil"]
[Black "Susanne"]
[Result "1/2-1/2"]
[ECO "B23"]
[WhiteElo "2451"]
[BlackElo "2456"]
[WhiteEngine "Cryptic AIL V2"]
[BlackEngine "asmfish-bmi2-012118-W_CTG"]
[EventType "Swiss"]
[WhiteTeam ""]
[BlackTeam ""]
[PlyCount "93"]
[TimeControl "720+1"]

1. e4 c5 2. Nc3 Nc6 3. Nf3 e6 4. d4 cxd4 5. Nxd4 Nf6 6. Ndb5 Bb4 7. a3 Bxc3+ 
8. Nxc3 d5 9. exd5 exd5 10. Bd3 O-O 11. O-O d4 12. Ne2 Bg4 13. Re1 Bxe2 
14. Rxe2 Qd6 15. h3 h6 16. Bd2 a6 17. f4 Nd7 18. b4 Nf6 19. Qf1 Nd5 20. Qf3 Nc3 
21. Ree1 Rad8 22. Rf1 b5 23. Rae1 Nd5 24. g3 Rfe8 25. Rxe8+ Rxe8 26. Re1 Rd8 
27. Kf2 Kf8 28. Qe2 Nf6 29. Kg2 Nd5 30. Qf3 Nce7 31. Qe4 Nf6 32. Qe5 Qd7 
33. Kh2 Nc6 34. Qe2 Nd5 35. Qe4 Qd6 36. Bf1 g6 37. Bg2 Qf6 38. Bc1 Nce7 
39. Qe5 Rc8 40. Qxf6 Nxf6 41. Bb2 Nf5 42. Rc1 h5 43. Bf3 Rd8 44. Rd1 Rc8 
45. Rc1 Rd8 46. Rd1 Rc8 47. Rc1 1/2-1/2

[Event "Sunday 28 January Rapid Engine Tour 12+1 Rounds 9 Starts 1600 ST"]
[Site "Infinity Chess"]
[Date "2018.1.28"]
[Round "4"]
[White "Gilgamesch"]
[Black "RonWeasley"]
[Result "1/2-1/2"]
[ECO "C11"]
[WhiteElo "2465"]
[BlackElo "2461"]
[WhiteEngine "BrainFish_171005_x64_bmi2"]
[BlackEngine "BrainFish 060118_CTG"]
[EventType "Swiss"]
[WhiteTeam ""]
[BlackTeam ""]
[PlyCount "138"]
[TimeControl "720+1"]

1. e4 e6 2. d4 d5 3. Nc3 Nf6 4. e5 Nfd7 5. f4 c5 6. Nf3 Nc6 7. Be3 cxd4 
8. Nxd4 Qb6 9. Qd2 Qxb2 10. Rb1 Qa3 11. Bb5 Nxd4 12. Bxd4 a6 13. Bxd7+ Bxd7 
14. Rb3 Qe7 15. Rxb7 Rc8 16. O-O Qd8 17. Qe3 Rc4 18. Rfb1 Be7 19. f5 Bg5 
20. Qd3 O-O 21. Ne4 Bc8 22. Bb6 Be3+ 23. Qxe3 Qh4 24. Nf6+ gxf6 25. Rc7 exf5 
26. Rxc4 dxc4 27. exf6 Kh8 28. Bc7 Rg8 29. Bf4 Bd7 30. Rb8 Rxb8 31. Bxb8 Bc6 
32. Bg3 Qg4 33. h4 Qg6 34. Qg5 Qxg5 35. hxg5 h6 36. gxh6 Kh7 37. c3 Kxh6 
38. Be5 Kg6 39. g3 f4 40. gxf4 Kf5 41. Kf2 Ke4 42. Ke2 a5 43. Kd2 a4 44. Kc2 Kd5 
45. Kb2 Bd7 46. Ka3 Kc5 47. Bd4+ Kb5 48. Be3 Be6 49. Bc1 Bf5 50. Kb2 Bd3 
51. Bd2 Bf5 52. Bc1 Be4 53. a3 Kc6 54. Be3 Bd3 55. Ka2 Bf1 56. Bd4 Bd3 
57. Be3 Kd5 58. Bb6 Ke4 59. Bc7 Ke3 60. Be5 Be4 61. Kb2 Bf5 62. Kc1 Bd3 
63. Kb2 Bf5 64. Kc1 Bd3 65. Bd6 Be4 66. Bc7 Bf5 67. Kb2 Be4 68. Be5 Bh7 
69. Kc1 Bd3 1/2-1/2

[Event "Sunday 28 January Rapid Engine Tour 12+1 Rounds 9 Starts 1600 ST"]
[Site "Infinity Chess"]
[Date "2018.1.28"]
[Round "4"]
[White "Eman"]
[Black "hafaba"]
[Result "1/2-1/2 "]
[ECO "A40"]
[WhiteElo "2477"]
[BlackElo "2469"]
[WhiteEngine "Eman 1.68c 64-bit POPCNT"]
[BlackEngine "SF SL FA 26012018 POPCNT_CTG"]
[EventType "Swiss"]
[WhiteTeam ""]
[BlackTeam ""]
[PlyCount "181"]
[TimeControl "720+1"]

1. d4 c6 2. e4 d5 3. e5 c5 4. c3 Nc6 5. Be2 cxd4 6. cxd4 Bf5 7. Nf3 e6 
8. O-O Nge7 9. Be3 Bg4 10. Nbd2 Nf5 11. Qb3 Rb8 12. h3 Nxe3 13. fxe3 Bf5 
14. Ne1 Be7 15. Bd3 Bxd3 16. Nxd3 O-O 17. Nf4 Qd7 18. Nf3 a5 19. Nh5 Rbc8 
20. Rf2 a4 21. Qd1 Bd8 22. Rc1 Kh8 23. Rf1 a3 24. bxa3 Qc7 25. Qe1 Rg8 
26. Kh1 Ra8 27. Rc3 Qa5 28. Ng1 Rc8 29. Ne2 Rc7 30. Rf3 Na7 31. Qa1 Nc6 
32. Qe1 Na7 33. Qc1 Nc6 34. Rg3 Qb5 35. Qc2 Qa5 36. Qb1 Qa6 37. Qf1 Qb5 
38. Rb3 Qa6 39. Rc3 Qb5 40. Rf3 Qb2 41. Nhf4 Qd2 42. Rd3 Qxa2 43. Nc3 Qc4 
44. Qb1 Be7 45. Nb5 Rd7 46. Rc3 Qa4 47. Nd3 Rf8 48. Nc5 Bxc5 49. Rxc5 Kg8 
50. Qc1 b6 51. Rxc6 Qxb5 52. Rf2 Ra7 53. Rb2 Qd3 54. Rc3 Qa6 55. Qb1 Qa5 
56. Rbb3 Raa8 57. Qc1 h6 58. Kh2 Qa6 59. e4 dxe4 60. Rg3 Kh8 61. Rg4 Rac8 
62. Qf4 Qb7 63. Rbg3 f5 64. exf6 Rxf6 65. Qe5 Rc2 66. Qb5 e3 67. Rxe3 Qb8+ 
68. Qe5 Qxe5+ 69. dxe5 Rf5 70. Rb3 Rxe5 71. Rxb6 Rc7 72. a4 Ra7 73. h4 Kh7 
74. Rb3 h5 75. Rgb4 Kh6 76. g4 hxg4 77. Rxg4 Re2+ 78. Kg3 Ra2 79. Rb8 Ra3+ 
80. Kf2 Rf7+ 81. Kg1 Kh7 82. Rb1 Rd7 83. Re1 Ra2 84. Rf4 Rd5 85. Rg4 e5 
86. Rg5 Rxa4 87. Rexe5 Rxe5 88. Rxe5 Rxh4 89. Kg2 Rg4+ 90. Kh2 Rc4 91. Rh5+ 
1/2-1/2

[Event "Sunday 28 January Rapid Engine Tour 12+1 Rounds 9 Starts 1600 ST"]
[Site "Infinity Chess"]
[Date "2018.1.28"]
[Round "4"]
[White "Neoxium"]
[Black "fati64"]
[Result "1/2-1/2"]
[ECO "D05"]
[WhiteElo "2500"]
[BlackElo "2480"]
[WhiteEngine "SF SL FA-IDeA"]
[BlackEngine "S_XPrO.220118.x64.POPNT"]
[EventType "Swiss"]
[WhiteTeam ""]
[BlackTeam ""]
[PlyCount "110"]
[TimeControl "720+1"]

1. d4 d5 2. Nf3 Nf6 3. e3 e6 4. b3 c5 5. Bb2 Nc6 6. Bd3 cxd4 7. exd4 Bd6 
8. Nbd2 O-O 9. O-O b6 10. a3 Bb7 11. Ne5 Ne7 12. Qe2 Rc8 13. Rae1 g6 14. g4 Ne8 
15. f4 f6 16. Qe3 Rc7 17. Rf3 Nc6 18. Nxc6 Bxc6 19. Qxe6+ Kh8 20. Qe2 f5 
21. gxf5 gxf5 22. Kh1 Nf6 23. Rg1 Be8 24. Qe1 Bh5 25. Rff1 Re7 26. Qg3 Qe8 
27. Bc1 Bg4 28. Nf3 Qh5 29. Ne5 Rg8 30. Nxg4 Rxg4 31. Qf3 Rxg1+ 32. Kxg1 Rg7+ 
33. Kh1 Rg4 34. Be2 Qh6 35. Qd3 Rh4 36. Qg3 Ne4 37. Qg2 Rh3 38. Rf3 Rh4 
39. Rf1 Bxf4 40. Bxf4 Rxf4 41. Bf3 Qg6 42. c4 dxc4 43. bxc4 Qxg2+ 44. Bxg2 Rh4 
45. Bxe4 Rxe4 46. Rxf5 Rxd4 47. Rf7 Rxc4 48. Rxa7 Kg8 49. Rb7 Rc1+ 50. Kg2 Rc2+ 
51. Kf1 Rxh2 52. Rxb6 Kf7 53. Ra6 h5 54. Rh6 Kg7 55. Rb6 Ra2 1/2-1/2

[Event "Sunday 28 January Rapid Engine Tour 12+1 Rounds 9 Starts 1600 ST"]
[Site "Infinity Chess"]
[Date "2018.1.28"]
[Round "4"]
[White "Murx"]
[Black "KRAKEN"]
[Result "1/2-1/2 "]
[ECO "A20"]
[WhiteElo "2546"]
[BlackElo "2490"]
[WhiteEngine "BrainFish_180113_x64_modern"]
[BlackEngine "Raubfisch X37b4a_CTG"]
[EventType "Swiss"]
[WhiteTeam ""]
[BlackTeam ""]
[PlyCount "125"]
[TimeControl "720+1"]

1. c4 e5 2. g3 Nf6 3. Bg2 d5 4. cxd5 Nxd5 5. Nc3 Nb6 6. e3 Nc6 7. Nge2 h5 
8. O-O h4 9. d4 Bd7 10. d5 Ne7 11. a4 a5 12. Qd3 h3 13. Bf3 Nec8 14. b3 Bb4 
15. Bb2 O-O 16. Rac1 Qe7 17. Na2 Bd6 18. Nac3 Bb4 19. Bh1 f5 20. Qc2 Qf7 
21. Nb5 Bxb5 22. axb5 Nd7 23. Qd1 Bd6 24. Rc4 Nf6 25. Rh4 Nb6 26. Qc2 Nfxd5 
27. Rxh3 Nb4 28. Qd1 a4 29. bxa4 Nxa4 30. Ba1 Nc5 31. Bc3 Nbd3 32. f4 Rfd8 
33. fxe5 Bxe5 34. Bxe5 Nxe5 35. Nd4 Ng4 36. Qc2 Nxe3 37. Qxc5 Nxf1 38. Nxf5 Qe6 
39. Bd5 Rxd5 40. Qxd5 Qxd5 41. Ne7+ Kf7 42. Nxd5 Ra1 43. Kf2 c6 44. bxc6 bxc6 
45. Nb4 c5 46. Nd3 g5 47. Nxc5 Nxh2 48. Rxh2 Ra2+ 49. Kf1 Rxh2 50. Ne4 Kg6 
51. g4 Rc2 52. Nf2 Rc1+ 53. Kg2 Ra1 54. Nh3 Rb1 55. Kf3 Rb3+ 56. Kg2 Rb1 
57. Ng1 Ra1 58. Kh2 Rb1 59. Kg2 Ra1 60. Ne2 Kg7 61. Kf2 Rb1 62. Ng1 Ra1 63. Ne2 
1/2-1/2

[Event "Sunday 28 January Rapid Engine Tour 12+1 Rounds 9 Starts 1600 ST"]
[Site "Infinity Chess"]
[Date "2018.1.28"]
[Round "3"]
[White "SkyPilot"]
[Black "MarioDeMonti"]
[Result "1/2-1/2"]
[ECO "B90"]
[WhiteElo "2497"]
[BlackElo "2463"]
[WhiteEngine "stockfish_x64_bmi2_2018_01_13_CTG"]
[BlackEngine "stockfish_x64_bmi2_2018_01_13_CTG"]
[EventType "Swiss"]
[WhiteTeam ""]
[BlackTeam ""]
[PlyCount "100"]
[TimeControl "720+1"]

1. e4 c5 2. Nf3 d6 3. d4 cxd4 4. Nxd4 Nf6 5. Nc3 a6 6. Be3 e5 7. Nb3 Be6 
8. f3 h5 9. Qd2 Nbd7 10. Nd5 Bxd5 11. exd5 g6 12. O-O-O Nb6 13. Qa5 Bh6 
14. Bxh6 Rxh6 15. Qd2 Rh8 16. Na5 Qc7 17. c4 Kf8 18. Kb1 Kg7 19. Bd3 Nbd7 
20. Rc1 Rac8 21. Bc2 Rhe8 22. Rhe1 Qb8 23. Bd3 Qc7 24. Bc2 Qb8 25. Bd3 Qc7 
26. a3 Nb8 27. Rf1 Nbd7 28. Bc2 b6 29. Nc6 b5 30. cxb5 axb5 31. f4 e4 32. f5 e3 
33. Qe1 e2 34. Rf2 Nxd5 35. Bb3 N5f6 36. Rxe2 Rxe2 37. Qxe2 Ne5 38. Qxb5 Qd7 
39. Nd4 Rxc1+ 40. Kxc1 Qa7 41. Qa4 Qb7 42. fxg6 Qxg2 43. Nf5+ Kf8 44. g7+ Kg8 
45. Bc2 Qg1+ 46. Kd2 Qf2+ 47. Kc1 Qf1+ 48. Kd2 Qf2+ 49. Kc1 Qg1+ 50. Kd2 Qf2+ 
1/2-1/2

[Event "Sunday 28 January Rapid Engine Tour 12+1 Rounds 9 Starts 1600 ST"]
[Site "Infinity Chess"]
[Date "2018.1.28"]
[Round "3"]
[White "Dovahkiin"]
[Black "angriff"]
[Result "1/2-1/2"]
[ECO "B00"]
[WhiteElo "2396"]
[BlackElo "2418"]
[WhiteEngine "BrainFish_180113_x64_modern_CTG"]
[BlackEngine "Stockfish SL FA POPCNT_CTG"]
[EventType "Swiss"]
[WhiteTeam ""]
[BlackTeam ""]
[PlyCount "147"]
[TimeControl "720+1"]

1. e4 Nc6 2. Nf3 e5 3. Bc4 Nf6 4. d3 Bc5 5. O-O d6 6. c3 a5 7. Re1 h6 
8. Nbd2 O-O 9. h3 Be6 10. Bb5 Qb8 11. Nf1 Qa7 12. Be3 Bxe3 13. Nxe3 Ne7 
14. a4 Ng6 15. Bc4 Bd7 16. Nh2 Rad8 17. Nhg4 Nh7 18. Nf5 Qb6 19. d4 exd4 
20. Qxd4 Qxd4 21. Nxd4 Bxg4 22. hxg4 Ne5 23. Be2 Nf6 24. f3 Rfe8 25. Rad1 d5 
26. exd5 Rxd5 27. Nb3 b6 28. Ba6 Rxd1 29. Rxd1 g5 30. Kf2 h5 31. gxh5 Nxh5 
32. g3 Ng7 33. Be2 Nf5 34. Nd4 Nd6 35. Nb5 Nxb5 36. Bxb5 Re6 37. f4 gxf4 
38. gxf4 Rf6 39. Ke3 Ng6 40. Rd4 c5 41. Re4 Kg7 42. Kf3 Kf8 43. Kg4 Ne7 
44. f5 Rd6 45. Re3 Nd5 46. Re8+ Kg7 47. Kg5 Nf6 48. Re7 Rd2 49. Re2 Rd5 
50. Kf4 Rd1 51. Bc6 Rd6 52. Be4 Kf8 53. Ke5 Ke7 54. Kf4 Kf8 55. Ke5 Ke7 
56. Bc2 Rd7 57. Kf4+ Kf8 58. Bb3 Rd3 59. Ke5 Ng4+ 60. Kf4 Nf6 61. Bc4 Rd1 
62. Ke5 Nd7+ 63. Ke4 Nf6+ 64. Ke5 Ng4+ 65. Kf4 Nf6 66. b3 Rf1+ 67. Kg5 Nh7+ 
68. Kg4 Nf6+ 69. Kg5 Kg7 70. Re7 Nh7+ 71. Kg4 Nf6+ 72. Kg5 Nh7+ 73. Kg4 Nf6+ 
74. Kg5 1/2-1/2

[Event "Sunday 28 January Rapid Engine Tour 12+1 Rounds 9 Starts 1600 ST"]
[Site "Infinity Chess"]
[Date "2018.1.28"]
[Round "3"]
[White "Cepri"]
[Black "Thinker"]
[Result "1/2-1/2"]
[ECO "C50"]
[WhiteElo "2421"]
[BlackElo "2418"]
[WhiteEngine "asmFishW_07N17_CTG"]
[BlackEngine "BrainFish_180124_x64_modern_CTG"]
[EventType "Swiss"]
[WhiteTeam ""]
[BlackTeam ""]
[PlyCount "127"]
[TimeControl "720+1"]

1. e4 e5 2. Nf3 Nc6 3. Bc4 Bc5 4. O-O Nf6 5. d3 d6 6. c3 O-O 7. h3 a6 8. Re1 Ba7 
9. Bb3 h6 10. Nbd2 Re8 11. Nf1 Be6 12. Bxe6 Rxe6 13. Be3 Bxe3 14. Nxe3 d5 
15. Qc2 Qd7 16. Rad1 b6 17. Rd2 Rae8 18. a3 Ne7 19. exd5 Nfxd5 20. d4 e4 
21. Ne5 Nxe3 22. Rxe3 Qd5 23. Re1 b5 24. b3 c5 25. c4 Qb7 26. Ng4 cxd4 
27. Rxd4 f5 28. Ne3 Nc6 29. Rd5 f4 30. Nf5 Ne7 31. Rc5 Nxf5 32. Rxf5 e3 
33. Re2 Re4 34. Qd3 bxc4 35. bxc4 Qc6 36. c5 Qe6 37. Qd5 Qxd5 38. Rxd5 Rc4 
39. fxe3 fxe3 40. Rd3 Rxc5 41. Rdxe3 Rxe3 42. Rxe3 Ra5 43. Kf2 h5 44. h4 g6 
45. Ke2 Kg7 46. Kf3 g5 47. hxg5 Rxg5 48. Re7+ Kf6 49. Re4 Kg7 50. a4 Rf5+ 
51. Kg3 Kf6 52. Kh4 Rf2 53. Kg3 Ra2 54. Kf3 a5 55. Rf4+ Kg5 56. Rc4 Ra3+ 
57. Kf2 h4 58. Rc5+ Kg4 59. Rxa5 Ra2+ 60. Kf1 Ra1+ 61. Ke2 Ra2+ 62. Kf1 Ra1+ 
63. Ke2 Ra2+ 64. Kf1 1/2-1/2

[Event "Sunday 28 January Rapid Engine Tour 12+1 Rounds 9 Starts 1600 ST"]
[Site "Infinity Chess"]
[Date "2018.1.28"]
[Round "3"]
[White "tris77"]
[Black "KillBill2017"]
[Result "1/2-1/2"]
[ECO "C77"]
[WhiteElo "2343"]
[BlackElo "2334"]
[WhiteEngine "stockfish_18012416_x64_modern_CTG"]
[BlackEngine "Raubfisch ME262_GTZ16b4_CTG"]
[EventType "Swiss"]
[WhiteTeam ""]
[BlackTeam ""]
[PlyCount "138"]
[TimeControl "720+1"]

1. e4 e5 2. Nf3 Nc6 3. Bb5 a6 4. Ba4 Nf6 5. O-O Be7 6. Re1 b5 7. Bb3 O-O 
8. c3 d5 9. exd5 Nxd5 10. Nxe5 Nxe5 11. Rxe5 c6 12. d4 Bd6 13. Re1 Qh4 
14. g3 Qh3 15. Be3 Bg4 16. Qd3 Rae8 17. Nd2 Re6 18. a4 Qh5 19. axb5 axb5 
20. Bxd5 Qxd5 21. Qf1 Bb8 22. Qg2 Qh5 23. f3 Bh3 24. Qf2 Rg6 25. b3 Bf5 
26. c4 h6 27. Ne4 Be6 28. Nd2 Kh7 29. Ra6 Bf5 30. Rb6 Bd3 31. d5 bxc4 
32. bxc4 cxd5 33. c5 Rxb6 34. cxb6 Rc8 35. Bc5 Qg6 36. Kg2 Ba6 37. Qe3 Bb5 
38. Qf2 Ba6 39. Qe3 Bb5 40. Qf2 f6 41. Rb1 Ba6 42. Rb2 h5 43. Ra2 Qd3 44. Bd4 h4 
45. f4 Re8 46. Nf3 Bc4 47. Rb2 Qe4 48. Qc2 Bd3 49. Qf2 Kg8 50. Kg1 hxg3 
51. hxg3 Qf5 52. Nh2 Rc8 53. Qf3 Rc4 54. g4 Qe4 55. Qxe4 Bxe4 56. Be3 d4 
57. Bd2 Bb7 58. Ra2 g6 59. Kf2 g5 60. Nf3 gxf4 61. g5 Kf7 62. Bxf4 Bxf4 
63. Ra7 d3 64. Rxb7+ Ke6 65. g6 Rc2+ 66. Kf1 Rc1+ 67. Kf2 Rc2+ 68. Kf1 Rc1+ 
69. Kf2 Rc2+ 1/2-1/2

[Event "Sunday 28 January Rapid Engine Tour 12+1 Rounds 9 Starts 1600 ST"]
[Site "Infinity Chess"]
[Date "2018.1.28"]
[Round "3"]
[White "star99"]
[Black "Satria_Ungu"]
[Result "1/2-1/2"]
[ECO "C24"]
[WhiteElo "2357"]
[BlackElo "2380"]
[WhiteEngine "Cryptic AIL V2"]
[BlackEngine "Houdini 6_CTG"]
[EventType "Swiss"]
[WhiteTeam ""]
[BlackTeam ""]
[PlyCount "137"]
[TimeControl "720+1"]

1. e4 e5 2. Bc4 Nf6 3. d3 c6 4. Bb3 a5 5. a4 Bc5 6. Nf3 d6 7. c3 O-O 8. O-O h6 
9. Re1 Re8 10. h3 Nbd7 11. Nbd2 Qc7 12. Nc4 Ba7 13. Ne3 Nf8 14. Nh4 d5 
15. exd5 cxd5 16. Nxd5 Nxd5 17. Bxd5 Bxf2+ 18. Kxf2 Qc5+ 19. d4 Qxd5 
20. dxe5 Qc4 21. Qd4 Qc6 22. Be3 Bd7 23. Nf3 Ng6 24. Red1 Re7 25. Qc5 Rae8 
26. Rd6 Qe4 27. Qd4 Qf5 28. g4 Qc2+ 29. Qd2 Qxd2+ 30. Rxd2 Nxe5 31. Nxe5 Rxe5 
32. Rxd7 Rxe3 33. Rd8 Re2+ 34. Kf1 Kf8 35. Rxe8+ Rxe8 36. Ra3 b6 37. Kf2 Re6 
38. Rb3 Ke7 39. Rb5 Kd7 40. b3 Kc6 41. Rf5 f6 42. Rf4 Re5 43. b4 axb4 
44. cxb4 Re7 45. h4 Ra7 46. b5+ Kd5 47. Kf3 Rc7 48. Re4 Rc3+ 49. Re3 Rc4 
50. Re7 Rxa4 51. Rxg7 h5 52. gxh5 Rxh4 53. Rh7 Ke5 54. Kg3 Rh1 55. Kg4 f5+ 
56. Kf3 Rh3+ 57. Kg2 Rh4 58. h6 Kf4 59. Rh8 Kg5 60. h7 Rg4+ 61. Kf3 Rf4+ 
62. Ke3 Re4+ 63. Kd3 Kg6 64. Kc3 f4 65. Rb8 Kxh7 66. Rxb6 Re5 67. Kc4 Rf5 
68. Re6 f3 69. Re7+ 1/2-1/2

[Event "Sunday 28 January Rapid Engine Tour 12+1 Rounds 9 Starts 1600 ST"]
[Site "Infinity Chess"]
[Date "2018.1.28"]
[Round "3"]
[White "ocirema"]
[Black "incredible"]
[Result "1/2-1/2"]
[ECO "C65"]
[WhiteElo "2434"]
[BlackElo "2418"]
[WhiteEngine "stockfish_18012314_x64_modern_CTG"]
[BlackEngine "Houdini 6"]
[EventType "Swiss"]
[WhiteTeam ""]
[BlackTeam ""]
[PlyCount "101"]
[TimeControl "720+1"]

1. e4 e5 2. Nf3 Nc6 3. Bb5 Nf6 4. O-O Nxe4 5. d4 Nd6 6. Bxc6 dxc6 7. dxe5 Nf5 
8. Qxd8+ Kxd8 9. Rd1+ Ke8 10. Nc3 Be7 11. Bg5 Bxg5 12. Nxg5 h6 13. Nf3 Ne7 
14. Nd4 Nf5 15. Nf3 Be6 16. a3 Rd8 17. h3 g5 18. Rxd8+ Kxd8 19. Rd1+ Kc8 
20. g4 Ne7 21. Kh2 Nd5 22. Nxd5 cxd5 23. Kg3 c5 24. Rh1 Rg8 25. h4 gxh4+ 
26. Rxh4 h5 27. g5 Bg4 28. Nh2 Bd1 29. f4 d4 30. Nf3 Bxc2 31. Rxh5 Kd7 
32. Rh6 Ke7 33. b4 cxb4 34. axb4 Rd8 35. Rf6 Rd5 36. Nd2 Bh7 37. Kf2 Bc2 
38. Nc4 Bb3 39. Nd2 Bc2 40. Kg3 Bh7 41. Kf3 Bd3 42. Kg4 b6 43. Kh5 a5 
44. bxa5 bxa5 45. Kh6 a4 46. Kg7 a3 47. Rxf7+ Ke6 48. Rf6+ Ke7 49. Rf7+ Ke6 
50. Rf6+ Ke7 51. Rf7+ 1/2-1/2